Map: Acolyte LE

Players

VampyWorm

  • Race: Protoss Protoss
  • League: Master
  • Spawn Location: 1:00

Hypno - Winner!

  • Race: Zerg Zerg
  • League: Diamond
  • Spawn Location: 7:00

VOD

https://go.twitch.tv/videos/186074637

Description

Time

  • Played on: Oct. 28, 2017, 4:21 p.m.
  • Length: 10:07
Show
View Real Time Build Order
Export as new Build Order

VampyWorm Protoss 

Build Orders:  

Get SALT Encoding   

  12  0:01  Probe (Chrono Boost)  
  13  0:11  Probe (Chrono Boost)  
  14  0:28  Probe (Chrono Boost)  
  15  0:58  Pylon  
  15  1:16  Gateway x2, Probe (Chrono Boost)  
  16  1:20  Gateway  
  16  1:23  Gateway  
  16  1:26  Probe (Chrono Boost)  
  16  1:27  Pylon  
  17  2:05  Zealot (Chrono Boost)  
  17  2:06  Zealot (Chrono Boost)  
  23  2:10  Zealot x2 (Chrono Boost)  
  25  2:34  Pylon, Zealot (Chrono Boost)  
  25  2:35  Zealot (Chrono Boost)  
  31  2:40  Zealot (Chrono Boost)  
  31  2:53  Zealot (Chrono Boost)  
  35  2:59  Assimilator  
  35  3:01  Zealot (Chrono Boost), Probe  
  35  3:03  Zealot (Chrono Boost)  
  38  3:09  Pylon  
  38  3:14  Probe  
  39  3:26  Zealot (Chrono Boost), Probe  
  38  3:31  Zealot (Chrono Boost)  
  38  3:33  Zealot (Chrono Boost)  
  31  3:38  Probe  
  25  3:50  Probe  
  26  4:03  Probe  
  26  4:07  Cybernetics Core  
  27  4:15  Probe (Chrono Boost)  
  28  4:26  Probe (Chrono Boost)  
  25  4:36  Probe (Chrono Boost)  
  26  4:49  Mothership Core (Chrono Boost)  
  26  4:50  Assimilator  
  28  5:08  Nexus  
  27  5:15  Warp Gate (Chrono Boost)  
  27  5:18  Probe (Chrono Boost)  
  28  5:28  Probe (Chrono Boost)  
  29  5:37  Gateway  
  29  5:42  Probe (Chrono Boost)  
  30  5:53  Gateway  
  30  5:58  Probe (Chrono Boost)  
  31  6:09  Probe (Chrono Boost)  
  32  6:12  Pylon  
  32  6:19  Probe x2  
  36  6:26  Sentry  
  36  6:30  Probe  
  36  6:31  Probe  
  38  6:43  Probe  
  38  6:44  Probe  
  38  6:45  Stargate  
  40  6:54  Probe  
  40  6:56  Probe  
  42  7:06  Gateway  
  42  7:15  Probe  
  43  7:20  Probe  
  44  7:23  Gateway  
  44  7:29  Probe  
  45  7:31  Void Ray (Chrono Boost)  
  45  7:33  Probe  
  50  7:41  Probe  
  50  7:43  Assimilator  
  51  7:45  Sentry  
  53  7:54  Pylon  
  53  7:56  Assimilator  
  53  7:57  Probe  
  54  8:10  Probe  
  54  8:12  Void Ray (Chrono Boost), Probe  
  60  8:21  Probe  
  60  8:24  Probe  
  62  8:33  Pylon  
  62  8:36  Pylon  
  62  8:44  Stargate  
  62  8:47  Pylon  
  62  8:50  Probe  
  62  8:51  Probe  
  62  8:53  Void Ray (Chrono Boost)  
  68  9:00  Probe  
  69  9:03  Nexus, Probe  
  69  9:05  Nexus  
  70  9:10  Pylon  
  70  9:11  Probe  
  70  9:16  Probe  
  72  9:21  Probe  
  73  9:30  Void Ray (Chrono Boost)  
  81  9:40  Robotics Facility  
  81  9:42  Probe  
  82  9:46  Probe  
  83  9:54  Probe  
  83  9:56  Gateway  
  83  9:59  Gateway  
Show
View Real Time Build Order
Export as new Build Order

Hypno Zerg - Winner!

Build Orders: Hatch First 

Get SALT Encoding   

  12  0:00  Drone  
  13  0:12  Overlord  
  13  0:17  Drone  
  14  0:22  Extractor  
  14  0:23  Drone  
  15  0:30  Drone  
  15  0:34  Drone  
  17  0:55  Hatchery  
  16  0:57  Drone  
  17  1:12  Spawning Pool  
  17  1:18  Drone  
  17  1:27  Drone  
  18  1:33  Overlord  
  18  1:51  Drone  
  19  1:59  Queen  
  19  2:00  Zergling x2  
  19  2:01  Zergling x2  
  23  2:07  Queen  
  25  2:09  Spine Crawler  
  25  2:11  Spine Crawler  
  25  2:14  Zergling x2  
  24  2:25  Zergling x4  
  24  2:26  Zergling x2  
  27  2:36  Zergling x6  
  30  2:48  Zergling x4  
  32  2:53  Queen  
  32  2:56  Zergling x2  
  35  3:00  Extractor  
  34  3:06  Zergling x4  
  31  3:36  Drone x3  
  31  3:38  Zergling x10  
  33  3:51  Drone  
  33  3:52  Drone  
  35  4:05  Drone  
  35  4:07  Overlord x2  
  34  4:24  Queen x2  
  34  4:31  Drone x6  
  38  4:37  Metabolic Boost  
  40  4:57  Roach Warren  
  39  5:06  Extractor, Drone x3  
  41  5:07  Overlord  
  41  5:08  Overlord  
  41  5:26  Hatchery  
  40  5:35  Lair  
  40  5:37  Drone  
  40  5:38  Drone x6  
  40  5:39  Drone  
  48  5:54  Drone x4  
  52  6:00  Spore Crawler  
  52  6:03  Spore Crawler  
  50  6:04  Drone x2  
  50  6:05  Drone x3  
  50  6:09  Overlord  
  55  6:25  Extractor  
  54  6:27  Drone x3  
  57  6:38  Glial Reconstitution  
  57  6:39  Roach  
  63  6:40  Roach x6  
  71  6:48  Extractor  
  71  6:49  Queen  
  71  6:51  Spore Crawler  
  71  6:52  Drone x3  
  74  6:55  Overseer  
  74  6:59  Overlord  
  74  7:01  Roach  
  74  7:02  Roach  
  77  7:19  Hydralisk Den  
  77  7:20  Infestation Pit  
  77  7:21  Drone x6  
  77  7:22  Overlord x2  
  81  7:34  Evolution Chamber  
  81  7:36  Evolution Chamber  
  79  7:41  Drone  
  79  7:42  Drone x7  
  87  7:44  Extractor  
  87  7:46  Extractor  
  85  7:54  Drone  
  85  7:55  Drone x6  
  92  7:59  Muscular Augments  
  92  8:03  Drone x2  
  92  8:04  Drone  
  95  8:10  Zerg Missile Weapons Level 1  
  95  8:12  Zerg Ground Armor Level 1  
  95  8:14  Hydralisk  
  95  8:16  Hydralisk  
  99  8:36  Overlord x2  
  99  8:37  Overlord  
  99  8:40  Hatchery  
  98  8:46  Overseer  
  98  8:51  Overlord  
  98  8:58  Pathogen Glands  
  98  9:00  Hydralisk  
  98  9:01  Hydralisk x8  
  98  9:02  Hydralisk  
  117  9:16  Overlord x3  
  117  9:19  Zergling x2  
  117  9:20  Zergling x2  
  117  9:21  Hydralisk  
  127  9:43  Zergling x2  
  127  9:44  Zergling x10  
Tags
 
Matchup
PvZ
Replay Pack
MidWestLAN19 SC2
Spawn Locations
Cross Positions
Add a new tag
Caveats
  • Supply blocks, unpowered buildings, or Contaminate may cause inaccurate times.
  • Supply counts are checked every 10 seconds.